 Dungeon Crawl Stone Soup version 0.23.0-3-gf3c87f2 (webtiles) character file.

Game seed: 2704596902704458065

63 Jaiteiro the Shooter (level 3, -2/30 HPs)
             Began as a Centaur Hunter on Feb 24, 2019.
             Slain by a bullfrog skeleton (5 damage)
             ... on level 2 of the Dungeon.
             The game lasted 00:07:43 (2719 turns).

Jaiteiro the Shooter (Centaur Hunter)               Turns: 2719, Time: 00:07:44

Health: -2/30      AC:  4    Str: 14    XL:     3   Next: 87%
Magic:  3/3        EV:  9    Int: 10    God:
Gold:   133        SH:  0    Dex: 10    Spells: 2/2 levels left

rFire    . . .     SeeInvis .   j - +0 hunting sling (curse)
rCold    . . .     Gourm    .   (no shield)
rNeg     . . .     Faith    .   c - +0 leather armour
rPois    .         Spirit   .   (no helmet)
rElec    .         Reflect  .   (no cloak)
rCorr    .         Harm     .   (no gloves)
MR       .....                  (no barding)
Stlth    +.........             (no amulet)
HPRegen  0.10/turn              (no ring)
MPRegen  0.08/turn              (no ring)

@: very quick
A: large, hooves 3, deformed body, speed 2, tough skin 3
a: no special abilities


You were on level 2 of the Dungeon.
You were not hungry.

You visited 1 branch of the dungeon, and saw 2 of its levels.

You collected 133 gold pieces.

Inventory:

Hand Weapons
 a - a +2 shortbow
 b - a +2 whip of electrocution
 i - a +2 hunting sling of flaming
 j - a cursed +0 hunting sling (weapon)
Missiles
 d - 49 arrows
 h - 44 stones (quivered)
Armour
 c - a +0 leather armour (worn)
Jewellery
 p - a +4 ring of intelligence
Scrolls
 k - a scroll of identify
 m - 2 scrolls of teleportation
 n - a scroll of immolation {unknown}
 o - a scroll of blinking
Potions
 e - a potion of curing {unknown}
 g - a potion of might {unknown}
 l - 3 potions of berserk rage
Comestibles
 f - 7 rations
 q - 2 chunks of flesh


   Skills:
 * Level 2.6 Fighting
 * Level 6.5 Bows
 * Level 1.6 Dodging
 * Level 0.7 Stealth


You had 2 spell levels left.
You didn't know any spells.
Your spell library was empty.

Dungeon Overview and Level Annotations

Branches:
Dungeon (2/15)

Altars:
Okawaru
Wu Jian
Zin


Innate Abilities, Weirdness & Mutations

You have hooves in place of feet.
Armour fits poorly on your strangely shaped body.
You cover ground very quickly.
You have extremely tough skin. (AC +3)


Message History

You shoot a stone. The stone closely misses the jackal.
The jackal barely misses you.
The bullfrog skeleton barely misses you.
The jackal barely misses you.
The bullfrog skeleton hits you but does no damage.
Firing (i - inventory)
h - 45 stones (quivered)
Press: ? - help, Shift-Dir - straight line, f/p - jackal
Aim: a jackal You shoot a stone.
The stone hits the jackal but does no damage.
The jackal barely misses you. The bullfrog skeleton hits you.
* * * LOW HITPOINT WARNING * * *
The jackal bites you but does no damage.
Unknown command.
The bullfrog skeleton barely misses you.
The jackal bites you.
* * * LOW HITPOINT WARNING * * *
The bullfrog skeleton closely misses you.
The jackal misses you. The bullfrog skeleton hits you.
You die...

#...#.### #######.#.#....
...............
#######.#.#######.#
................... #.
#######.#.#######.# ## #.
#######†#.# ####.#....
##.##.........####..((.###
#.........##....@h(....(...
#.........##...Z##.....##(.
#.........##.#.........# #
#.....######.#..##.....# .#
....#.######.#...#.....##.##
...........#.##..#..........
....######.#.##..#........#
....######.#.....#.....######
....##.......###.#...........


You could see a jackal and a bullfrog skeleton.

Vanquished Creatures
  3 oozes (D:1)
  A worm (D:2)
  A dart slug (D:1)
  A leopard gecko (D:1)
  A ball python (D:1)
  2 bats
  6 giant cockroaches
  3 hobgoblins
  3 jackals (D:2)
  2 kobolds (D:2)
  A quokka (D:2)
  4 frilled lizards
  6 goblins
  7 rats
41 creatures vanquished.

Notes
Turn   | Place    | Note
-------+----------+-------------------------------------------
     0 | D:1      | Jaiteiro the Centaur Hunter began the quest for the Orb.
     0 | D:1      | Reached XP level 1. HP: 17/17 MP: 1/1
     4 | D:1      | Found a runed translucent door.
   927 | D:1      | Reached XP level 2. HP: 24/24 MP: 2/2
  1377 | D:1      | Reached skill level 6 in Bows
  1487 | D:1      | Reached XP level 3. HP: 25/29 MP: 3/3
  1839 | D:2      | Found a glowing silver altar of Zin.
  1840 | D:2      | Found an ornate altar of the Wu Jian Council.
  1841 | D:2      | Found an iron altar of Okawaru.
  2719 | D:2      | Slain by a bullfrog skeleton

Skill      XL: |  1  2 |
---------------+-------+-----
Bows           | 6 |  6.5
Fighting       | |  2.6
Dodging        | |  1.6
Stealth        | |  0.7

Action                   || total
-------------------------++-------
Melee: Short sword       ||     4
 Fire: Hunting sling     ||   210
  Use: Scroll            ||     5
  Eat: Chunk             ||     4
Armor: Leather armour    ||    56
Dodge: Dodged            ||    63
